lixian, chaotic female human Rogue ----- |...| ---------- ##-....#######-......{.| # |.._|## |........-# ### |...-## |.......<|# -------- # ---.-# .........|# #-......| ### ### ----------# ###|......| -------# ## # ####.......| |.....|# ### # ### |......| |.....-# `## #@B####### # -------- |...>.| ## #-.-------------- ### ------- # ----.- #|..............| # # |....| #|..............| ### # |....| #|..............| # ##.....+ #...............-#### |....| ---------------- ------ lixian the Footpad Experience level: 2 Strength: 12 Dexterity: 18 Constitution: 12 Intelligence: 10 Wisdom: 14 Charisma: 9 Health: 0(15) Energy: 6(6) Def: 3 Gold: 49 Moves: 1214 Dungeon seed: rS549FoVk5zu4IsV Game ID: lixian_1534813541 Your Inventory: Coins $ - 49 gold pieces Weapons a - an uncursed +0 dagger named Sharptooth (weapon in hand) b - 9 uncursed +0 daggers (in quiver) m - a cursed -1 orcish dagger Armor e - an uncursed +1 leather armor (being worn) Comestibles A - an uncursed cherry D - an uncursed lichen corpse Potions z - a cursed potion of restore ability Rings C - a cursed ring of sustain ability Wands w - an uncursed wand of teleportation (0:3) x - an uncursed wand of secret door detection (0:12) Tools k - an uncursed lock pick B - an uncursed sack Gems n - 3 uncursed worthless pieces of green glass q - an uncursed amber stone Contents of the sack: 164 gold pieces an uncursed +0 short sword an uncursed scroll of amnesia a cursed scroll of destroy armor an uncursed scroll of identify an uncursed scroll of magic mapping a cursed scroll of remove curse an uncursed scroll of teleportation a cursed potion of gain energy an uncursed potion of sickness an uncursed ring of protection from shape changers an uncursed wand of locking (0:3) Spells and supernatural/magical abilities: Name Level Category Fail Memory W - pray for help -- divine ? -- Your skills at the end: Fighting Skills Weapon Skills dagger [Basic] short sword [Basic] Spellcasting Skills Final Attributes: You were piously aligned. You were stealthy. You are dead. Vanquished creatures: 2 jackals a fox 2 kobolds a goblin 2 sewer rats 2 grid bugs 2 bats 2 lichens a kobold zombie 5 newts 20 creatures vanquished. Voluntary challenges: You used a wielded weapon 17 times, starting on turn 23. You read items or engraved 2 times, starting on turn 422. You never genocided any monsters. You never polymorphed an object. You never changed form. You used no wishes. You never split a pudding. You wrote Elbereth's name 2 times, starting on turn 422. You never violated your personal moral code. Dungeon overview: The Dungeons of Doom: levels 1 to 5 Level 1 an altar to Kos a long staircase Level 2 an armor shop stairs to The Gnomish Mines Level 3 Level 4 <- You were here an altar to Mog, a fountain Level 5 The Gnomish Mines: Level 3 stairs to The Dungeons of Doom History has recorded: On T:1 you entered the Dungeons of Doom to retrieve the Amulet of Yendor! On T:320 you reached level 2 of The Dungeons of Doom. On T:539 you reached level 1 of The Gnomish Mines. On T:631 you reached level 3 of The Dungeons of Doom. On T:649 you reached level 4 of The Dungeons of Doom. On T:715 you reached level 5 of The Dungeons of Doom. On T:1172 you advanced to experience level 2. Score breakdown: Gold: 213 ( 7927 points) Experience: 2 levels ( 5570 points) Exploration: 5 levels ( 10.64%) ( 8846 points) Discoveries: 1 item ( 0.34%) ( 1737 points) Valuables value: (no points given unless you survive) Artifact value: 0 ( 0 points) Variety of kills: 10 monsters ( 2.62%) ( 4860 points) Turncount: 1214 turns ( 0 points) Survival: died (score multiplied by 80%) Total score: 23152 Latest messages: The newt is killed! You see here a newt corpse. This newt corpse tastes terrible! You finish eating the newt corpse. C - a shiny ring. You displace Trouble. The bat bites! You kill the bat! Welcome to experience level 2. You see here a bat corpse. Trouble eats a bat corpse. The bat bites! (2x) You kill the bat! You kill the lichen! You see here a lichen corpse. (2x) D - a lichen corpse. The giant bat bites! (2x) You stop running. You write in the dust with your fingers. The giant bat bites! You die... Final status: Goodbye lixian the Rogue, killed by a giant bat... You died in The Dungeons of Doom on dungeon level 4 with 23152 points, and 213 pieces of gold, after 1214 moves. You were level 2 with a maximum of 15 hit points when you died.